 Dungeon Crawl Stone Soup version 0.26-a0-683-g5206c1d7ac (webtiles) character file.

Game seed: 8512694996639095478

1426 marklar909 the Digger (level 9, -8/59 HPs)
             Began as a Formicid Earth Elementalist on Oct 23, 2020.
             Was a Believer of the Shining One.
             Splashed by Pikel's acid (15 damage)
             ... on level 6 of the Dungeon.
             The game lasted 00:11:22 (8330 turns).

marklar909 the Digger (Formicid Earth Elementalist) Turns: 8330, Time: 00:11:23

Health: -8/59      AC:  1    Str: 13    XL:     9   Next: 3%
Magic:  7/27       EV: 13    Int: 18    God:    the Shining One [**....]
Gold:   320        SH:  0    Dex: 11    Spells: 7/20 levels left

rFire    . . .     SeeInvis +   j - +1 mace
rCold    . . .     Faith    .   (no shield)
rNeg     + . .     Spirit   .   c - +0 robe
rPois    .         Reflect  .   (helmet unavailable)
rElec    .         Harm     .   (no cloak)
rCorr    .         Rampage  .   r - +2 pair of gloves
MR       .....                  (no boots)
Stlth    +.........             (no amulet)
HPRegen  0.19/turn              o - ring of flight
MPRegen  0.20/turn              q - ring of magical power

@: corroded, glowing
A: permanent stasis, dig shafts and tunnels, four strong arms, antennae 3
a: Dig, Shaft Self, Divine Shield, Renounce Religion, Evoke Flight


You were on level 6 of the Dungeon.
You worshipped the Shining One.
The Shining One was pleased with you.
You visited 1 branch of the dungeon, and saw 6 of its levels.

You collected 320 gold pieces.

Inventory:

Hand Weapons
 j - a +1 mace (weapon)
Missiles
 f - 9 stones (quivered)
Armour
 c - a +0 robe (worn)
 r - a +2 pair of gloves (worn)
Jewellery
 i - a +4 ring of protection {unknown}
 o - a ring of flight (left hand)
 q - a ring of magical power (right hand)
Scrolls
 d - 5 scrolls of remove curse
 e - a scroll of amnesia {unknown}
 h - a scroll of fear
 k - 4 scrolls of identify
 m - a scroll of fog {unknown}
Potions
 a - 3 potions of curing
 b - 4 potions of heal wounds
 g - a potion of magic
 l - a potion of might
 s - a potion of lignification {unknown}


   Skills:
 + Level 1.2 Fighting
 + Level 1.4 Maces & Flails
 + Level 3.2 Dodging
 + Level 4.1 Stealth
 + Level 6.1 Spellcasting
 + Level 4.1 Conjurations
 + Level 1.1 Transmutations
 + Level 7.7 Earth Magic


You had 7 spell levels left.
You knew the following spells:

 Your Spells              Type           Power        Failure   Level
a - Sandblast             Erth           ####..       1%          1
b - Stone Arrow           Conj/Erth      ####..       3%          3
c - Petrify               Tmut/Erth      ###.....     19%         4
d - Lee's Rapid Deconstr  Erth           ####......   14%         5

Your spell library contained the following spells:

 Spells                   Type           Power        Failure   Level
 Passwall                 Tmut/Erth      ###.....     3%          2


Dungeon Overview and Level Annotations

Branches:
Dungeon (6/15)
 Temple: D:4-7

Altars:
Cheibriados
Elyvilon
Fedhas
Nemelex Xobeh
Wu Jian
The Shining One

Annotations:
D:6 Pikel


Innate Abilities, Weirdness & Mutations

You cannot be hasted, slowed, berserked, paralysed or teleported.
You can dig through walls and to a lower floor.
Your four strong arms can wield two-handed weapons with a shield.
You have a pair of large antennae on your head. (SInv)


Message History

Press: ? - help, Shift-Dir - straight line, f/p - Pikel
Aim: Pikel, wielding a +0 whip of electrocution, wearing a +0 robe and carrying a wand of acid (6) (lightly wounded, haloed)
The blast of sand hits Pikel!
Pikel is heavily wounded.
f - 10 stones Pikel waves his whip at you.
Pikel hits you with a +0 whip of electrocution!
Unknown command.
Casting: Sandblast (safe; 1% risk of failure)
Confirm with . or Enter, or press ? or * to list all spells.
Aiming: Sandblast (safe; 1% risk of failure)
Press: ? - help, Shift-Dir - straight line, f/p - Pikel
Aim: Pikel, wielding a +0 whip of electrocution, wearing a +0 robe and carrying a wand of acid (6) (heavily wounded, haloed)
The blast of sand hits Pikel but does no damage.
Pikel is heavily wounded.
f - 9 stones Pikel zaps a wand.
The bolt of acid hits you!
* * * LOW HITPOINT WARNING * * *
You are splashed with acid!
You die...

.# ##5# #.. ..5#### #.###......#
#.#.'......# #####.#.#......#
...........#
#####.#.#.############
#...........555K@....#
#.#.#...#.##########.#
#.#.#...#.#######..#.#
#.#.#..............#.#
#.#.#...##########.#.####
#.#.#..............#....#
#.#.#...########.....##.########
#.#.#...# ####...#.##........#
..#.#.#.# #......#.##..####.#


You could see Pikel and 3 lemures.

Vanquished Creatures
  Grinder (D:5)
  A water moccasin (D:6)
  2 sky beasts
  An ogre (D:6)
  A phantom (D:5)
  2 centaurs
  A lemure (D:6)
  A bullfrog (D:6)
  A howler monkey (D:5)
  2 bullfrog zombies
  A centaur skeleton (D:4)
  A hound (D:6)
  2 orc priests (D:5)
  2 bullfrog skeletons
  2 orc wizards
  An iguana (D:4)
  A worker ant (D:5)
  6 adders
  A shadow imp (D:6)
  A white imp (D:5)
  An adder zombie (D:5)
  An adder skeleton (D:5)
  5 worms
  A dart slug (D:4)
  A leopard gecko (D:5)
  14 orcs
  4 bats
  5 giant cockroaches
  3 goblins (D:2)
  7 hobgoblins
  3 quokkas
  3 ball pythons
  3 frilled lizards
  A jackal skeleton (D:4)
  2 kobolds
  A leopard gecko skeleton (D:5)
  5 rats
91 creatures vanquished.

Vanquished Creatures (others)
  16 plants (D:5)
16 creatures vanquished.

Grand Total: 107 creatures vanquished

Notes
Turn   | Place    | Note
-------+----------+-------------------------------------------
     0 | D:1      | marklar909 the Formicid Earth Elementalist began the quest
                  | for the Orb.
     0 | D:1      | Reached XP level 1. HP: 13/13 MP: 3/3
   132 | D:1      | Reached skill level 4 in Earth Magic
   132 | D:1      | Reached XP level 2. HP: 10/19 MP: 0/5
  1119 | D:1      | Reached XP level 3. HP: 20/24 MP: 0/6
  1346 | D:2      | Learned a level 3 spell: Stone Arrow
  1840 | D:2      | Reached XP level 4. HP: 29/30 MP: 8/8
  2015 | D:2      | Found a sparkling altar of Nemelex Xobeh.
  2019 | D:2      | Found a glowing golden altar of the Shining One.
  2061 | D:2      | Found an ornate altar of the Wu Jian Council.
  2588 | D:3      | Found a white marble altar of Elyvilon.
  2860 | D:2      | Became a worshipper of the Shining One
  3493 | D:4      | Reached XP level 5. HP: 21/36 MP: 2/9
  4446 | D:5      | Entered Level 5 of the Dungeon
  4463 | D:5      | Found a blossoming altar of Fedhas.
  4862 | D:5      | Noticed Grinder
  5475 | D:5      | Reached skill level 1 in Maces & Flails
  5475 | D:5      | Reached skill level 5 in Earth Magic
  5635 | D:5      | Reached XP level 6. HP: 29/42 MP: 4/11
  6041 | D:4      | Reached skill level 1 in Conjurations
  6099 | D:5      | Reached skill level 1 in Fighting
  6150 | D:5      | Reached * piety under the Shining One
  6427 | D:5      | Killed Grinder
  6427 | D:5      | Reached XP level 7. HP: 48/48 MP: 0/13
  6624 | D:5      | Found a snail-covered altar of Cheibriados.
  6669 | D:5      | Reached skill level 6 in Earth Magic
  6908 | D:5      | Reached XP level 8. HP: 46/54 MP: 9/15
  7058 | D:5      | Reached skill level 5 in Spellcasting
  7200 | D:5      | Learned a level 4 spell: Petrify
  7206 | D:5      | Learned a level 5 spell: Lee's Rapid Deconstruction
  7488 | D:6      | Reached skill level 7 in Earth Magic
  8206 | D:6      | Reached XP level 9. HP: 59/59 MP: 18/18
  8310 | D:6      | Noticed Pikel
  8310 | D:6      | Reached ** piety under the Shining One
  8330 | D:6      | Splashed by Pikel's acid

Illustrated notes

Levels and vault maps discovered:
D:1:      minmay_arrival_hallway, layout_basic
D:2:      layout_rooms, lemuel_doored_altar, minitemple, kennysheep_nub,
          minmay_strange_pillars
D:3:      layout_rooms, marbit_many_paths, serial_glass, glass_columns_b,
          glass_columns_c, glass_columns_c, glass_columns_b
D:4:      layout_rooms
D:5:      layout_rooms, chequers_temple_overflow_statue_of_worship,
          serial_bayou, serial_bayou_pond_b, serial_bayou_ford_a,
          serial_bayou_pond_d, serial_bayou_lake_a, hangedman_decor_riveting,
          uniq_grinder
D:6:      layout_basic, minmay_temple_entry_waves, grunt_qazlal_clouds,
          uniq_menkaure, uniq_pikel, uniq_crazy_yiuf_cottage

Skill      XL: |  1  2  3  4  5  6  7  8 |
---------------+-------------------------+-----
Earth Magic    | 4 5 6 7 |  7.7
Dodging        | 2 3 |  3.2
Spellcasting   | 3 4 6 |  6.1
Stealth        | 3 4 |  4.1
Maces & Flails | 1 |  1.4
Conjurations   | 2 4 |  4.1
Fighting       | 1 |  1.2
Transmutations | |  1.1

Action                   |  1- 3 |  4- 6 |  7- 9 || total
-------------------------+-------+-------+-------++-------
Melee: Unarmed           |     3 |       |       ||     3
       Mace              |    33 |    37 |     1 ||    71
 Cast: Sandblast         |    30 |    25 |    10 ||    65
       Stone Arrow       |       |    52 |    68 ||   120
  Use: Scroll            |     1 |    13 |       ||    14
       Potion            |       |     1 |       ||     1
 Stab: Sleeping          |       |     1 |       ||     1
Armor: Robe              |    25 |    13 |     7 ||    45
Dodge: Dodged            |    66 |    40 |    20 ||   126

Table legend: (Time is in decaauts)
 A = Elapsed time spent in this place.
 B = Non-inter-level travel time spent in this place.
 C = Inter-level travel time spent in this place.
 D = Time resting spent in this place.
 E = Time spent auto-exploring this place.
 F = Levels seen in this place.
 G = Mean time per level.
                   A        B        C        D        E       F      G
               +--------+--------+--------+--------+--------+-----+--------+
         Total |   8402 |   7762 |    640 |   2380 |   4307 |   6 | 1400.3 |
       Dungeon |   8402 |   7762 |    640 |   2380 |   4307 |   6 | 1400.3 |
               +--------+--------+--------+--------+--------+-----+--------+

Top non-repeatable levels by time:
     D:4: 2367 daAuts
     D:5: 1431 daAuts
     D:3: 1404 daAuts
     D:2: 1179 daAuts
     D:1: 1144 daAuts
     D:6: 874 daAuts
